 Dungeon Crawl Stone Soup version 0.31-a0-217-g58bb5d79cf (webtiles) character file.

Game seed: 10884515010668847460

74 horus123 the Trooper (level 4, 0/37 HPs)
             Began as a Human Fighter on July 3, 2023.
             Slain by an orc wizard
             ... wielding a +0 dagger
              (2 damage)
             ... on level 3 of the Dungeon.
             The game lasted 00:02:40 (1654 turns).

horus123 the Trooper (Human Fighter)                Turns: 1654, Time: 00:02:41

Health: 0/37       AC:  5    Str: 18    XL:     4   Next: 54%
Magic:  6/7        EV: 10    Int:  8    God:
Gold:   110        SH:  4    Dex: 13    Spells: 6/7 levels left

rFire   . . .        a - +0 flail
rCold   . . .        c - +0 buckler
rNeg    + . .        p - +0 ring mail
rPois   .            (no helmet)
rElec   .            (no cloak)
rCorr   .            (no gloves)
SInv    .            (no boots)
Will    .....        (no amulet)
Stlth   +            o - ring of positive energy
HPRegen 0.26/turn    (no ring)
MPRegen 0.10/turn

%: no passive effects
@: mighty
A: no striking features
a: no special abilities


You were on level 3 of the Dungeon.
You visited 1 branch of the dungeon, and saw 3 of its levels.

You collected 110 gold pieces.

Inventory:

Hand Weapons
 a - a +0 flail (weapon)
Armour
 b - a +0 plate armour
 c - a +0 buckler (worn)
 p - a +0 ring mail (worn)
Jewellery
 o - a ring of positive energy (left hand)
Scrolls
 g - a scroll of revelation {unknown}
 h - a scroll of teleportation {unknown}
 i - 2 scrolls of immolation {unknown}
 j - a scroll of enchant armour {unknown}
 k - 2 scrolls of identify {unknown}
 l - a scroll of poison {unknown}
 m - 2 scrolls of summoning {unknown}
Potions
 e - a potion of lignification {unknown}
 f - a potion of mutation {unknown}
 n - a potion of brilliance {unknown}


   Skills:
 - Level 4.0 Fighting
 - Level 2.1 Maces & Flails
 - Level 3.1 Armour
 - Level 3.1 Shields
 + Level 2.0 Spellcasting


You had 6 spell levels left.
You knew the following spells:

 Your Spells              Type           Power      Damage    Failure   Level
a - Magic Dart            Conj           0%         1d3       61%         1

Your spell library contained the following spells:

 Spells                   Type           Power      Damage    Failure   Level
 Call Imp                 Summ           0%         N/A       75%         2
 Frozen Ramparts          Ice            0%         1d1       93%         3
 Mephitic Cloud           Conj/Pois/Air  0%         N/A       93%         3
 Ice Form                 Ice/Tmut       0%         N/A       100%        4
 Summon Ice Beast         Ice/Summ       0%         N/A       100%        4


Dungeon Overview and Level Annotations

Branches:
Dungeon (3/15)

Altars:


Message History

Deactivating autopickup; reactivate with Ctrl-A.
The ball python closely misses you. x2
You closely miss the ball python. The ball python closely misses you.
You block the ball python's attack.
The ball python bites you but does no damage.
The ball python closely misses you.
You closely miss the ball python. The ball python bites you.
The ball python barely misses you. The orc barely misses you.
You hit the orc.
The orc is heavily wounded.
The ball python closely misses you. The ball python grabs you.
The ball python constricts you.
The ball python bites you but does no damage.
The ball python constricts you. The orc hits you with a +0 hand axe.
You completely miss the ball python. The ball python bites you.
The ball python constricts you. The orc hits you with a +0 hand axe.
The ball python bites you. The ball python constricts you.
You hit the ball python.
You kill the ball python!
You block the orc's attack. Something hits you.
The orc hits you but does no damage.
Your Spellcasting skill increases to level 2!
You barely miss the orc.
The orc is heavily wounded.
Something hits you. The orc barely misses you.
The orc hits you with a +0 flail.
You barely miss the orc.
You hear some strange, mumbled words.
A puff of flame appears from out of thin air!
The puff of flame hits you!
* * * LOW HITPOINT WARNING * * *
You block the orc's attack. The orc hits you with a +0 flail.
* * * LOW HITPOINT WARNING * * *
You feel very mighty all of a sudden. Something hits you.
* * * LOW HITPOINT WARNING * * *
You block the orc's attack. The orc hits you with a +0 hand axe.
* * * LOW HITPOINT WARNING * * *
You hit something. Something hits you.
You die...

..........#.#.#.#...#.# #o#
..........#...#...8... ...
..........#.#.#.#...# #.#
............#...##.##...#
..........#.#.#)...{o.#.#
(.........#..)##.###.##...#
..........#.#...........#.#
............##.###.###.##
..........#....{@o.....?.
...†......##.###o###.###.#
................... ## ###
...............!...#
.....................
.<.......##.##...##.##
.........#.. ##### ..
...........# .. .........#


You could see 2 orcs.

Vanquished Creatures
  An adder (D:3)
  A worm (D:3)
  2 dart slugs (D:1)
  An orc (D:3)
  7 endoplasms
  5 goblins
  6 hobgoblins
  4 jackals (D:1)
  4 kobolds
  3 quokkas (D:1)
  5 ball pythons
  3 bats (D:2)
  A frilled lizard (D:1)
  8 rats
51 creatures vanquished.

Notes
Turn   | Place    | Note
-------+----------+-------------------------------------------
     0 | D:1      | horus123 the Human Fighter began the quest for the Orb.
     0 | D:1      | Reached XP level 1. HP: 18/18 MP: 1/1
   158 | D:1      | Reached XP level 2. HP: 21/24 MP: 2/2
   340 | D:1      | Reached XP level 3. HP: 29/29 MP: 3/3
   378 | D:1      | Found a faded altar of an unknown god.
   741 | D:1      | Learned a level 1 spell: Magic Dart
   885 | D:2      | Reached skill level 4 in Fighting
  1264 | D:2      | Reached skill level 1 in Spellcasting
  1275 | D:2      | Reached XP level 4. HP: 37/37 MP: 5/5
  1653 | D:3      | HP: 1/37 [orc/+0 hand axe (3)]
  1654 | D:3      | Slain by an orc wizard

Illustrated notes

Levels and vault maps discovered:
D:1:      tarquinn_simple_flora_water_c, layout_basic,
          hellmonk_ecumenical_altar_pennies_from_heaven
D:2:      layout_basic, minmay_door_square
D:3:      layout_basic, nemelex_dance_club_becter, minmay_misc_feat_tower,
          nicolae_concentric_dashed_squares_wild

Skill      XL: |  1  2  3  4 |
---------------+-------------+-----
Fighting       | 4 |  4.0
Spellcasting   | 1 2 |  2.0
Maces & Flails | |  2.1
Armour         | |  3.1
Shields        | |  3.1

Action                     |  1- 3 |  4- 6 || total
---------------------------+-------+-------++-------
  Melee: Flail             |   103 |    40 ||   143
    Use: Potion            |       |     1 ||     1
 Armour: Scale mail        |    39 |     2 ||    41
         Ring mail         |       |     7 ||     7
  Dodge: Dodged            |    37 |    20 ||    57
  Block: Buckler           |    20 |     9 ||    29

Table legend: (Time is in decaauts)
 A = Elapsed time spent in this place.
 B = Non-inter-level travel time spent in this place.
 C = Inter-level travel time spent in this place.
 D = Time resting spent in this place.
 E = Time spent auto-exploring this place.
 F = Levels seen in this place.
 G = Mean time per level.
                   A        B        C        D        E       F      G
               +--------+--------+--------+--------+--------+-----+--------+
         Total |   1703 |   1663 |     40 |    152 |   1082 |   3 |  567.7 |
       Dungeon |   1703 |   1663 |     40 |    152 |   1082 |   3 |  567.7 |
               +--------+--------+--------+--------+--------+-----+--------+

Top non-repeatable levels by time:
     D:1: 852 daAuts
     D:2: 707 daAuts
     D:3: 143 daAuts
